 Seeded DCSS version 0.27.1-36-g1b1ada6b1e (webtiles) character file.

Game seed: 17853175367328873602 (custom seed)

2158 hikkokomori the Fighter (level 9, -2/79 HPs)
             Began as a Formicid Fighter on Jan 11, 2023.
             Was a Priest of Dithmenos.
             Slain by Pikel (6 damage)
             ... on level 6 of the Dungeon on Feb 9, 2023.
             The game lasted 00:09:50 (5204 turns).

hikkokomori the Fighter (Formicid Fighter)          Turns: 5204, Time: 00:09:51

Health: -2/79      AC: 10    Str: 24    XL:     9   Next: 57%
Magic:  8/12       EV:  9    Int:  8    God:    Dithmenos [***...]
Gold:   979        SH: 11    Dex: 10    Spells: 8/8 levels left

rFire    . . .     SeeInvis +   a - +0 war axe
rCold    . . .     Faith    .   c - +0 kite shield
rNeg     . . .     Spirit   .   b - +0 scale mail
rPois    .         Reflect  .   (helmet unavailable)
rElec    .         Harm     .   g - scarf {repulsion}
rCorr    .         Rampage  +   (no gloves)
Will     .....                  r - +2 pair of boots {rampage}
Stlth    ..........             (no amulet)
HPRegen  0.23/turn              (no ring)
MPRegen  0.13/turn              (no ring)

@: wreathed by umbra, repel missiles
A: permanent stasis, dig shafts and tunnels, antennae 3, four strong arms
a: Dig, Shaft Self, Renounce Religion, Shadow Step


You were on level 6 of the Dungeon.
You worshipped Dithmenos.
Dithmenos was most pleased with you.
You visited 1 branch of the dungeon, and saw 6 of its levels.

You collected 979 gold pieces.

Inventory:

Hand Weapons
 a - a +0 war axe (weapon)
Missiles
 x - a throwing net
Armour
 b - a +0 scale mail (worn)
 c - a +0 kite shield (worn)
 g - a scarf of repulsion (worn)
 r - a +2 pair of boots of rampaging (worn)
Jewellery
 l - a +6 ring of strength
Wands
 j - a wand of digging (6)
Scrolls
 h - 2 scrolls of magic mapping
 k - a scroll of blinking {unknown}
 s - a scroll of enchant weapon {unknown}
 u - a scroll of holy word
 v - a scroll of brand weapon {unknown}
 w - a scroll of identify
Potions
 d - a potion of mutation {unknown}
 e - a potion of flight {unknown}
 f - 2 potions of lignification
 i - a potion of ambrosia {unknown}
 m - a potion of haste
 n - a potion of curing {unknown}
 o - 2 potions of brilliance {unknown}
 p - 2 potions of berserk rage
 t - a potion of cancellation {unknown}


   Skills:
 + Level 10.4 Fighting
 + Level 5.5 Axes
 - Level 4.4 Armour
 + Level 7.3 Shields
 + Level 5.0 Invocations


You had 8 spell levels left.
You didn't know any spells.
Your spell library contained the following spells:

 Spells                   Type           Power      Damage    Failure   Level
 Gell's Gravitas          Tloc           0%         N/A       99%         3
 Lesser Beckoning         Tloc           0%         N/A       99%         3
 Teleport Other           Tloc           0%         N/A       99%         3


Dungeon Overview and Level Annotations

Branches:
Dungeon (6/15)             Temple (0/1) D:5

Altars:
Dithmenos
Fedhas
Kikubaaqudgha
Qazlal
Yredelemnul

Shops:
D:1 (=[[   D:3 [

Annotations:
D:5 2 transporters, sigtrap's ghost, novice GnFi
D:6 Pikel


Innate Abilities, Weirdness & Mutations

You cannot be hasted, slowed, berserked, paralysed or teleported.
You can dig through walls and to a lower floor.
You have a pair of large antennae on your head. (SInv)
Your four strong arms can wield two-handed weapons with a shield.


Message History

You feel much better.
Pikel hits you with a +2 whip of flaming.
Pikel burns you. The lemure closely misses you.
You miss Pikel.
Pikel is heavily wounded.
Your shield prevents you from hitting the lemure.
Pikel barely misses you. You block the lemure's attack.
Pikel hits you but does no damage.
Unknown command.
You closely miss Pikel.
Pikel is heavily wounded.
You hit the lemure but do no damage. The lemure hits you.
* * * LOW HITPOINT WARNING * * *
You block Pikel's attack.
Unknown command.
You closely miss Pikel.
Pikel is heavily wounded.
You barely miss the lemure. You block the lemure's attack.
Pikel hits you with a +2 whip of flaming!
* * * LOW HITPOINT WARNING * * *
Pikel burns you.
* * * LOW HITPOINT WARNING * * *
You closely miss Pikel.
Pikel is heavily wounded.
You closely miss the lemure. The lemure hits you but does no damage.
Pikel barely misses you. You block the lemure's attack.
Pikel hits you with a +2 whip of flaming.
* * * LOW HITPOINT WARNING * * *
Pikel burns you.
* * * LOW HITPOINT WARNING * * *
Aiming: Shadow Step
Press: ? - help, Dir - move target, f - Pikel
Aim: Pikel, wielding a +2 whip of flaming and wearing a +0 robe (heavily wounded, slightly transparent, umbra)
You step into Pikel's shadow.
The lemure closely misses you. Pikel closely misses you.
You closely miss Pikel.
Pikel is heavily wounded.
You hit the lemure but do no damage. You block the lemure's attack.
Pikel hits you with a +2 whip of flaming.
You die...

..# #..# #.).# #..##
#..# #...# #..##
#..# #.?## #...#
#..# #..# # #...##
#..# #..#
..#####....## ##..#
#..#
............###...##
#..#
..............K>...#
....
.............@5....#
...................#
...#########....(..#
#...##..# ##.###..#
#.# #..# ### ####


You could see Pikel (invisible) and a lemure.

Vanquished Creatures
  6 yaks
  A water moccasin (D:6)
  2 ogres (D:5)
  A centaur (D:5)
  3 lemures (D:6)
  A gnoll sergeant (D:6)
  3 scorpions
  A water moccasin skeleton (D:4)
  The ghost of grimtooth the Firebug, a weakling DgFE (D:3)
  A crimson imp (D:4)
  A centaur zombie (D:5)
  A hound (D:5)
  Jessica (D:3)
  3 iguanas
  Terence (D:3)
  Natasha (twice) (D:2)
  An orc wizard (D:3)
  3 hound skeletons
  Robin (D:3)
  6 adders
  9 gnolls
  2 white imps
  2 ufetubi
  2 worms
  2 dart slugs (D:1)
  3 orcs (D:3)
  3 endoplasms
  3 giant cockroaches
  12 goblins
  14 hobgoblins
  2 jackals (D:5)
  5 quokkas
  11 ball pythons
  3 bats
  4 frilled lizards
  10 kobolds
  6 rats
133 creatures vanquished.

Notes
Turn   | Place    | Note
-------+----------+-------------------------------------------
     0 | D:1      | hikkokomori the Formicid Fighter began the quest for the
                  | Orb.
     0 | D:1      | Reached XP level 1. HP: 18/18 MP: 1/1
     2 | D:1      | Reached skill level 8 in Fighting
     2 | D:1      | Reached XP level 2. HP: 33/33 MP: 2/2
     7 | D:1      | Found Ymiphipywn's Antique Armour Shoppe.
    53 | D:1      | Found a faded altar of an unknown god.
    65 | D:1      | Became a worshipper of Dithmenos the Shadowed
    65 | D:1      | Reached * piety under Dithmenos
   225 | D:1      | Reached XP level 3. HP: 38/38 MP: 3/3
   238 | D:1      | Found Edghybrae's Jewellery Shoppe.
   266 | D:1      | Found Lisolata's Antique Armour Shoppe.
   337 | D:1      | Found Jipnam's Antique Weapon Shoppe.
   618 | D:2      | Reached ** piety under Dithmenos
   622 | D:2      | Noticed Natasha
   628 | D:2      | Killed Natasha
   629 | D:2      | Reached XP level 4. HP: 39/45 MP: 4/4
   815 | D:2      | Found an ancient bone altar of Kikubaaqudgha.
   936 | D:2      | Noticed Natasha
   942 | D:2      | Killed Natasha
   943 | D:2      | Reached XP level 5. HP: 47/51 MP: 5/5
  1080 | D:2      | Reached skill level 9 in Fighting
  1323 | D:2      | Identified 2 scrolls of acquirement
  1323 | D:2      | Acquired a +2 pair of boots of rampaging
  1325 | D:2      | Acquired a scarf of repulsion
  1384 | D:3      | Noticed Robin
  1417 | D:3      | Killed Robin
  1440 | D:3      | Noticed Jessica
  1446 | D:3      | Killed Jessica
  1552 | D:3      | Found Laukhlesu's Armour Emporium.
  1557 | D:3      | Reached XP level 6. HP: 58/58 MP: 6/6
  1599 | D:3      | Found a blossoming altar of Fedhas.
  1637 | D:3      | Reached *** piety under Dithmenos
  1770 | D:3      | Found a stormy altar of Qazlal.
  1806 | D:3      | Acquired 812 gold pieces
  1807 | D:3      | Upgraded the game from 0.27.1-35-g4d5d836560 to
                  | 0.27.1-36-g1b1ada6b1e
  1837 | D:3      | Noticed Terence
  1847 | D:3      | Killed Terence
  1900 | D:3      | Found a runed translucent door.
  1901 | D:3      | Noticed grimtooth's ghost (weakling DgFE)
  1940 | D:3      | Killed grimtooth's ghost
  2220 | D:4      | Reached XP level 7. HP: 46/64 MP: 7/7
  3056 | D:4      | Reached skill level 5 in Shields
  3248 | D:5      | Entered Level 5 of the Dungeon
  3304 | D:5      | Found a staircase to the Ecumenical Temple.
  3313 | D:5      | Found a basalt altar of Yredelemnul.
  3326 | D:5      | Reached skill level 1 in Invocations
  3333 | D:5      | HP: 4/96 [iguana (2)]
  3335 | D:5      | Reached XP level 8. HP: 5/71 MP: 4/9
  3778 | D:5      | Noticed a yak
  3778 | D:5      | Noticed a yak
  3778 | D:5      | Noticed a yak
  3779 | D:5      | Noticed a yak
  3782 | D:5      | Noticed a yak
  3783 | D:5      | Noticed a yak
  3788 | D:5      | Killed a yak
  3792 | D:5      | Killed a yak
  3804 | D:5      | Killed a yak
  3805 | D:5      | Reached skill level 10 in Fighting
  4130 | D:5      | Killed a yak
  4131 | D:5      | Reached XP level 9. HP: 46/78 MP: 11/11
  4143 | D:4      | Reached skill level 5 in Axes
  4584 | D:5      | Found a transporter.
  4585 | D:5      | Noticed sigtrap's ghost (novice GnFi)
  4645 | D:5      | Found a transporter.
  5028 | D:6      | Reached skill level 5 in Invocations
  5168 | D:6      | Noticed Pikel
  5204 | D:6      | Slain by Pikel

Illustrated notes

Levels and vault maps discovered:
D:1:      psy_arrival_basics, layout_rooms, hellmonk_ecumenical_altar_run_dry,
          serial_shops, nicolae_lakefront_shop, shop, shop, shop
D:2:      minmay_chambers_of_twos, layout_basic, basic_altar,
          hangedman_decor_growths, uniq_natasha
D:3:      layout_rooms, mainiacjoe_overflow_brackets, general_overflow_altar,
          serial_shops, nicolae_shop_crystal, ebering_ghost_inner_flame,
          uniq_jessica, uniq_robin, uniq_terence
D:4:      layout_loops_ring, minmay_fire_ice_demons
D:5:      layout_rooms, overflow_temple_1_default,
          minmay_temple_entry_butterflies, gammafunk_ghost_abyssal_escape
D:6:      lemuel_slime, layout_layer_cave, mainiacjoe_overflow_catwalk,
          minmay_between, uniq_pikel

Skill      XL: |  1  2  3  4  5  6  7  8  9 |
---------------+----------------------------+-----
Fighting       | 8 9 10 | 10.4
Shields        | 4 5 6 7 |  7.3
Armour         | 4 |  4.4
Axes           | 3 4 5 |  5.5
Invocations    | 1 3 5 |  5.0

Action                   |  1- 3 |  4- 6 |  7- 9 || total
-------------------------+-------+-------+-------++-------
Melee: War axe           |    77 |   156 |   240 ||   473
Invok: Shadow Step       |       |       |     2 ||     2
 Abil: Dig               |     1 |       |       ||     1
  Use: Potion            |     1 |       |     5 ||     6
       Scroll            |       |     8 |     1 ||     9
Armor: Scale mail        |    25 |    64 |   124 ||   213
       Skin              |       |       |    12 ||    12
Dodge: Dodged            |    28 |    88 |   117 ||   233
       Repelled          |       |       |     4 ||     4
Block: Kite shield       |    50 |   105 |   164 ||   319
